PBL
KELOWNA HEAT @ JOPLIN BLASTERS
09/27/2045
 
TOP OF THE 1ST
Kelowna Heat batting - Pitching for Joplin Blasters : RHP Obiniana Gaters
Pitching: RHP Obiniana Gaters
Batting: LHB Mason Duffy 0-0: Ball
1-0: Ball
2-0: Ball
3-0: Called Strike
3-1: Foul Ball, location: 2F
3-2: Base on Balls
Batting: RHB Malik Sharpless 0-0: Called Strike
0-1: Ball
1-1: Called Strike
1-2: Foul Ball, location: 2F
1-2: SINGLE (Line Drive, 9S, EV 111.2 MPH)
Mason Duffy to second
Batting: RHB Troy Trice 0-0: Fly out, F8 (Flyball, 8RXD, EV 98.8 MPH)
Runner from 2nd tags up, SAFE at 3rd, no throw by CF
Batting: RHB Coen Dirks 0-0: Called Strike
0-1: Ball
1-1: Ball
2-1: Foul Ball, location: 2F
2-2: Ball
3-2: Foul Ball, location: 2F
3-2: Foul Ball, location: 2F
3-2: DOUBLE (Line Drive, 9LD, EV 111.2 MPH)
Mason Duffy scores
Malik Sharpless to third
Batting: RHB Billy Pranger 0-0: Ball
1-0: Called Strike
1-1: Ball
2-1: Ball
3-1: Base on Balls
Pitching: RHP Phil Kellum
Batting: RHB Harry Dickson 0-0: Foul Ball, location: 2F
0-1: Swinging Strike
0-2: Strikes out swinging
Batting: RHB Zach Maguire 0-0: Called Strike
0-1: Foul Ball, location: 2F
0-2: Ball
1-2: Foul Ball, location: 2F
1-2: Ball
2-2: Strikes out swinging
Top of the 1st over - 1 run, 2 hits, 0 errors, 3 left on base; Kelowna 1 - Joplin 0
BOTTOM OF THE 1ST
Joplin Blasters batting - Pitching for Kelowna Heat : RHP Danny MacKinnon
Pitching: RHP Danny MacKinnon
Batting: RHB Dave Saldana 0-0: Ball
1-0: Called Strike
1-1: Ball
2-1: Ball
3-1: Base on Balls
Batting: RHB Kevin Wimberly 0-0: Ball
1-0: Ball
2-0: Swinging Strike
Passed Ball!
Dave Saldana to second
2-1: Ball
3-1: Swinging Strike
3-2: Base on Balls
Batting: LHB Mike Bhatti 0-0: Ball
1-0: Fielders Choice at 2nd, 3-6 (Groundball, 34S, EV 80.0 MPH)
Dave Saldana to third
Batting: RHB Chance Argy 0-0: Fielders Choice at 2nd, 3-6 (Groundball, 34S, EV 86.9 MPH)
Dave Saldana scores
Batting: RHB Bobby Matyas 0-0: Called Strike
0-1: Ball
1-1: Ball
2-1: Foul Ball, location: 2F
2-2: Strikes out looking
Bottom of the 1st over - 1 run, 0 hits, 0 errors, 1 left on base; Kelowna 1 - Joplin 1
TOP OF THE 2ND
Kelowna Heat batting - Pitching for Joplin Blasters : RHP Phil Kellum
Batting: RHB Jaime Rios 0-0: Ball
1-0: Called Strike
1-1: Called Strike
1-2: SINGLE (Groundball, 6, EV 96.2 MPH)
Batting: RHB Josh Truell 0-0: Called Strike
0-1: Called Strike
0-2: Ball
1-2: Strikes out swinging
Batting: LHB Mason Duffy 0-0: Ball
1-0: Fly out, F7 (Flyball, 78S, EV 84.4 MPH)
Batting: RHB Malik Sharpless 0-0: Ball
1-0: Called Strike
1-1: Foul Ball, location: 2F
1-2: Hit by Pitch
Jaime Rios to second
Batting: RHB Troy Trice 0-0: Fielders Choice at 2nd, 6-4 (Groundball, 6, EV 82.5 MPH)
Top of the 2nd over - 0 runs, 1 hit, 0 errors, 2 left on base; Kelowna 1 - Joplin 1
BOTTOM OF THE 2ND
Joplin Blasters batting - Pitching for Kelowna Heat : RHP Danny MacKinnon
Batting: LHB Danny Pacheco 0-0: Foul Ball, location: 2F
0-1: Foul Ball, location: 2F
0-2: Strikes out looking
Batting: RHB Phil Hamby 0-0: Ball
1-0: Called Strike
1-1: Ball
2-1: Foul Ball, location: 2F
2-2: Foul Ball, location: 2F
2-2: Foul Ball, location: 2F
2-2: Foul Ball, location: 2F
2-2: Strikes out swinging
Batting: RHB Carlos Almada 0-0: Foul Ball, location: 2F
0-1: Foul Ball, location: 2F
0-2: Ground out 5-3 (Groundball, 56, EV 77.5 MPH)
Bottom of the 2nd over - 0 runs, 0 hits, 0 errors, 0 left on base; Kelowna 1 - Joplin 1
TOP OF THE 3RD
Kelowna Heat batting - Pitching for Joplin Blasters : RHP Phil Kellum
Batting: RHB Coen Dirks 0-0: Ball
1-0: Foul Ball, location: 2F
1-1: Fly out, F9 (Flyball, 9LS, EV 76.2 MPH)
Batting: RHB Billy Pranger 0-0: SINGLE (Groundball, 56D, EV 94.4 MPH)
Batting: RHB Harry Dickson 0-0: Called Strike
0-1: Called Strike
0-2: Strikes out swinging
Batting: RHB Zach Maguire 0-0: Called Strike
0-1: Foul Ball, location: 2F
0-2: Ball
1-2: Ball
2-2: Strikes out swinging
Top of the 3rd over - 0 runs, 1 hit, 0 errors, 1 left on base; Kelowna 1 - Joplin 1
BOTTOM OF THE 3RD
Joplin Blasters batting - Pitching for Kelowna Heat : RHP Danny MacKinnon
Batting: RHB Jason Birge 0-0: Ball
1-0: Ball
2-0: Ground out 6-3 (Groundball, 6, EV 82.5 MPH)
Batting: RHB Dave Saldana 0-0: Ball
1-0: Swinging Strike
1-1: Ball
2-1: Ball
3-1: Base on Balls
Batting: RHB Kevin Wimberly 0-0: Called Strike
0-1: Ball
Dave Saldana steals 2nd base
1-1: DOUBLE (Flyball, 7LD, EV 98.8 MPH)
Dave Saldana scores
Batting: LHB Mike Bhatti 0-0: Ball
1-0: Called Strike
1-1: Ground out 6-3 (Groundball, 6M, EV 77.5 MPH)
Kevin Wimberly to third
Batting: RHB Chance Argy 0-0: Swinging Strike
0-1: Called Strike
0-2: SINGLE (Line Drive, 34D, EV 102.5 MPH)
Kevin Wimberly scores
Batting: RHB Bobby Matyas 0-0: Fly out, F9 (Flyball, 9LM, EV 81.2 MPH)
Bottom of the 3rd over - 2 runs, 2 hits, 0 errors, 1 left on base; Kelowna 1 - Joplin 3
TOP OF THE 4TH
Kelowna Heat batting - Pitching for Joplin Blasters : RHP Phil Kellum
Batting: RHB Jaime Rios 0-0: Ball
1-0: Called Strike
1-1: SINGLE (Groundball, 34D, EV 95.6 MPH)
Pitching: RHP Josh Rutledge
Batting: RHB Josh Truell 0-0: Fly out, F9 (Line Drive, 9, EV 93.1 MPH)
Batting: LHB Mason Duffy 0-0: Ball
1-0: Swinging Strike
1-1: Foul Ball, location: 2F
1-2: Ball
Jaime Rios steals 2nd base
2-2: Foul Ball, location: 2F
2-2: Foul Ball, location: 2F
2-2: Strikes out swinging
Batting: RHB Malik Sharpless 0-0: Foul Ball, location: 2F
0-1: Ball
1-1: Ball
2-1: Fly out, F8 (Flyball, 89D, EV 106.2 MPH)
Top of the 4th over - 0 runs, 1 hit, 0 errors, 1 left on base; Kelowna 1 - Joplin 3
BOTTOM OF THE 4TH
Joplin Blasters batting - Pitching for Kelowna Heat : RHP Danny MacKinnon
Batting: LHB Danny Pacheco 0-0: Swinging Strike
0-1: Swinging Strike
0-2: SINGLE (Line Drive, 8LS, EV 100.0 MPH)
Batting: RHB Phil Hamby 0-0: Fielders Choice at 2nd, 4-6 (Groundball, 4, EV 101.9 MPH)
Batting: RHB Carlos Almada 0-0: Called Strike
0-1: Ball
1-1: Ball
2-1: Fly out, F8 (Line Drive, 8RM, EV 86.9 MPH)
Batting: RHB Jason Birge 0-0: Called Strike
0-1: Fly out, F6 (Flyball, 6D, EV 93.8 MPH)
Bottom of the 4th over - 0 runs, 1 hit, 0 errors, 1 left on base; Kelowna 1 - Joplin 3
TOP OF THE 5TH
Kelowna Heat batting - Pitching for Joplin Blasters : RHP Josh Rutledge
Batting: RHB Troy Trice 0-0: Called Strike
0-1: Ground out 6-3 (Groundball, 6, EV 85.6 MPH)
Batting: RHB Coen Dirks 0-0: Swinging Strike
0-1: Called Strike
0-2: Ball
1-2: Ball
2-2: Ball
3-2: Strikes out swinging
Batting: RHB Billy Pranger 0-0: Swinging Strike
0-1: Ball
1-1: Foul Ball, location: 2F
1-2: SINGLE (Groundball, 6MD, EV 102.5 MPH)
Batting: RHB Harry Dickson 0-0: Foul Ball, location: 2F
0-1: Ball
1-1: Swinging Strike
1-2: Strikes out swinging
Top of the 5th over - 0 runs, 1 hit, 0 errors, 1 left on base; Kelowna 1 - Joplin 3
BOTTOM OF THE 5TH
Joplin Blasters batting - Pitching for Kelowna Heat : RHP Danny MacKinnon
Batting: RHB Dave Saldana 0-0: Ball
1-0: Ball
2-0: Ball
3-0: Base on Balls
Batting: RHB Kevin Wimberly 0-0: Fielders Choice at 2nd, 5-4 (Groundball, 56S, EV 84.4 MPH)
Batting: LHB Mike Bhatti 0-0: Ball
1-0: Called Strike
1-1: Called Strike
1-2: Ball
2-2: Ball
Kevin Wimberly steals 2nd, throwing error, E2
Kevin Wimberly to third
3-2: Base on Balls
Batting: RHB Chance Argy 0-0: Ball
1-0: Foul Ball, location: 2F
1-1: Ball
2-1: Swinging Strike
2-2: Fly out, F9 (Flyball, 9D, EV 98.1 MPH)
Runner from 3rd tags up, SCORES, no throw by RF
Batting: RHB Bobby Matyas 0-0: Foul Ball, location: 2F
0-1: SINGLE (Groundball, 3D, EV 97.5 MPH)
Mike Bhatti to second
Runner from 2nd tries for 3rd, SAFE, throw by RF made to third
Batting: LHB Danny Pacheco 0-0: Ball
1-0: Ball
2-0: SINGLE (Line Drive, 6D, EV 94.4 MPH)
Mike Bhatti scores
Bobby Matyas to second
Batting: RHB Phil Hamby 0-0: Ball
1-0: Called Strike
1-1: Ball
Passed Ball!
Bobby Matyas to third
Danny Pacheco to second
2-1: SINGLE (Line Drive, 89S, EV 107.5 MPH)
Bobby Matyas scores
Danny Pacheco to third
Pitching: LHP Jimmy Heinecke
Batting: RHB Carlos Almada 0-0: Ball
1-0: Called Strike
1-1: Ground out 4-3 (Groundball, 4, EV 103.8 MPH)
Bottom of the 5th over - 3 runs, 3 hits, 1 error, 2 left on base; Kelowna 1 - Joplin 6
TOP OF THE 6TH
Kelowna Heat batting - Pitching for Joplin Blasters : RHP Josh Rutledge
Batting: RHB Zach Maguire 0-0: Ball
1-0: Ball
2-0: Foul Ball, location: 2F
2-1: Foul Ball, location: 2F
2-2: Fly out, F7 (Flyball, 78D, EV 94.4 MPH)
Batting: RHB Jaime Rios 0-0: Foul Ball, location: 2F
0-1: Ball
1-1: Ball
2-1: Ball
3-1: Base on Balls
Pitching: RHP Brett Essary
Batting: RHB Josh Truell Pickoff Throw to First - Out! 1-3
0-0: Ball
1-0: Swinging Strike
1-1: Foul Ball, location: 2F
1-2: Foul Ball, location: 2F
1-2: Ground out 6-3 (Groundball, 6MD, EV 86.9 MPH)
Top of the 6th over - 0 runs, 0 hits, 0 errors, 0 left on base; Kelowna 1 - Joplin 6
BOTTOM OF THE 6TH
Joplin Blasters batting - Pitching for Kelowna Heat : LHP Jimmy Heinecke
Batting: RHB Jason Birge 0-0: SOLO HOME RUN (Flyball, 78XD, EV 108.1 MPH), Distance : 398 ft
Batting: RHB Dave Saldana 0-0: Ground out 5-3 (Groundball, 56, EV 106.9 MPH)
Batting: RHB Kevin Wimberly 0-0: Called Strike
0-1: Called Strike
0-2: Foul Ball, location: 2F
0-2: Strikes out swinging
Batting: LHB Mike Bhatti 0-0: Ball
1-0: Called Strike
1-1: Foul Ball, location: 2F
1-2: Strikes out swinging
Bottom of the 6th over - 1 run, 1 hit, 0 errors, 0 left on base; Kelowna 1 - Joplin 7
TOP OF THE 7TH
Kelowna Heat batting - Pitching for Joplin Blasters : RHP Brett Essary
Batting: LHB Mason Duffy 0-0: Ball
1-0: Foul Ball, location: 2F
1-1: Swinging Strike
1-2: Foul Ball, location: 2F
1-2: Ball
2-2: Foul Ball, location: 2F
2-2: Foul Ball, location: 2F
2-2: SINGLE (Line Drive, 9LS, EV 103.8 MPH)
Batting: RHB Malik Sharpless 0-0: Foul Ball, location: 2F
0-1: Ball
1-1: Ball
2-1: Ball
3-1: DOUBLE (Line Drive, 8LXD, EV 102.5 MPH)
Mason Duffy to third
Batting: RHB Troy Trice 0-0: Called Strike
0-1: Foul Ball, location: 2F
0-2: Foul Ball, location: 2F
0-2: Foul Ball, location: 2F
0-2: Strikes out looking
Batting: RHB Coen Dirks 0-0: Called Strike
0-1: Called Strike
0-2: Ball
1-2: Strikes out looking
Batting: RHB Billy Pranger 0-0: SINGLE (Groundball, 56D, EV 93.8 MPH)
Mason Duffy scores
Malik Sharpless to third
Runner from 3rd tries for Home, SAFE, throw by LF to home
Pinch Hitting: LHB Takaaki Nishimoto 0-0: Ball
1-0: Called Strike
1-1: Foul Ball, location: 2F
1-2: Strikes out looking
Top of the 7th over - 2 runs, 3 hits, 0 errors, 1 left on base; Kelowna 3 - Joplin 7
BOTTOM OF THE 7TH
Joplin Blasters batting - Pitching for Kelowna Heat : LHP Jimmy Heinecke
Pitching: RHP Mike Flynn
Now in CF: Mason Duffy
Now in RF: Steve Nevis
Batting: RHB Chance Argy 0-0: Foul Ball, location: 2F
0-1: Fly out, F8 (Flyball, 89M, EV 82.5 MPH)
Batting: RHB Bobby Matyas 0-0: Ground out 5-3 (Groundball, 56, EV 82.5 MPH)
Batting: LHB Danny Pacheco 0-0: Hit by Pitch
Batting: RHB Phil Hamby 0-0: Ball
1-0: Called Strike
1-1: Called Strike
1-2: Foul Ball, location: 2F
1-2: Ground out 6-3 (Groundball, 6S, EV 72.5 MPH)
Bottom of the 7th over - 0 runs, 0 hits, 0 errors, 1 left on base; Kelowna 3 - Joplin 7
TOP OF THE 8TH
Kelowna Heat batting - Pitching for Joplin Blasters : RHP Brett Essary
Pitching: RHP Ian Current
Batting: RHB Zach Maguire 0-0: Ball
1-0: Called Strike
1-1: Swinging Strike
1-2: Strikes out swinging
Batting: RHB Jaime Rios 0-0: Ball
1-0: SINGLE (Groundball, 4MD, EV 97.5 MPH)
Batting: RHB Josh Truell 0-0: Ball
1-0: Ball
2-0: Ball
Wild Pitch!
Jaime Rios to second
3-0: Base on Balls
Batting: LHB Mason Duffy 0-0: Ball
1-0: Ball
2-0: Ball
3-0: Called Strike
3-1: Fly out, F8 (Flyball, 8RD, EV 83.1 MPH)
Batting: RHB Malik Sharpless 0-0: Ball
1-0: Ground out 6-3 (Groundball, 6S, EV 84.4 MPH)
Top of the 8th over - 0 runs, 1 hit, 0 errors, 2 left on base; Kelowna 3 - Joplin 7
BOTTOM OF THE 8TH
Joplin Blasters batting - Pitching for Kelowna Heat : RHP Mike Flynn
Batting: RHB Carlos Almada 0-0: Called Strike
0-1: Fly out, F8 (Flyball, 8LD, EV 103.1 MPH)
Batting: RHB Jason Birge 0-0: Ball
1-0: Called Strike
1-1: Ground out 6-3 (Groundball, 6, EV 83.1 MPH)
Batting: RHB Dave Saldana 0-0: Ball
1-0: Ball
2-0: Ball
3-0: Base on Balls
Batting: RHB Kevin Wimberly 0-0: Ball
Dave Saldana is caught stealing 2nd base 2-4
Bottom of the 8th over - 0 runs, 0 hits, 0 errors, 0 left on base; Kelowna 3 - Joplin 7
TOP OF THE 9TH
Kelowna Heat batting - Pitching for Joplin Blasters : RHP Ian Current
Batting: RHB Troy Trice 0-0: Called Strike
0-1: Ball
1-1: Ball
2-1: Swinging Strike
2-2: Strikes out swinging
Batting: RHB Coen Dirks 0-0: Ball
1-0: Ball
2-0: Swinging Strike
2-1: Called Strike
2-2: Ground out 6-3 (Groundball, 6, EV 105.6 MPH)
Batting: RHB Billy Pranger 0-0: Called Strike
0-1: Foul Ball, location: 2F
0-2: Strikes out looking
Top of the 9th over - 0 runs, 0 hits, 0 errors, 0 left on base; Kelowna 3 - Joplin 7
Wednesday, June 22nd , 2022 - OOTP Baseball 23.4 Build 64